 Dungeon Crawl Stone Soup version 0.23.2-33-g5129a83184 (webtiles) character file.

Game seed: 16678909328832895804

224 DorianNounverber the Magician (level 5, 0/28 HPs)
             Began as a Deep Elf Wizard on July 7, 2019.
             Killed from afar by an orc wizard (3 damage)
             ... with a puff of flame
             ... on level 3 of the Dungeon.
             The game lasted 00:09:20 (2934 turns).

DorianNounverber the Magician (Deep Elf Wizard)     Turns: 2934, Time: 00:09:21

Health: 0/28       AC:  2    Str:  4    XL:     5   Next: 67%
Magic:  9/16       EV: 16    Int: 24    God:
Gold:   117        SH:  0    Dex: 13    Spells: 16/17 levels left

rFire    + . .     SeeInvis .   q - +2 dagger (venom)
rCold    . . .     Gourm    .   (no shield)
rNeg     . . .     Faith    .   a - +0 robe
rPois    .         Spirit   .   b - +0 hat
rElec    .         Reflect  .   (no cloak)
rCorr    .         Harm     .   (no gloves)
MR       .....                  (no boots)
Stlth    +.........             (no amulet)
HPRegen  0.09/turn              e - +3 ring of evasion
MPRegen  0.15/turn              k - ring of protection from fire

@: confused
A: no striking features
a: no special abilities


You were on level 3 of the Dungeon.
You were not hungry.

You visited 1 branch of the dungeon, and saw 3 of its levels.

You collected 117 gold pieces.

Inventory:

Hand Weapons
 q - a +2 dagger of venom (weapon)
Missiles
 t - 6 tomahawks of returning (quivered)
Armour
 a - a +0 robe (worn)
 b - a +0 hat (worn)
 v - a cursed +0 ring mail
Jewellery
 e - a +3 ring of evasion (left hand)
 k - a ring of protection from fire (right hand)
 n - an uncursed ring of ice
 o - an uncursed ring of resist corrosion
Scrolls
 c - 4 scrolls of identify {unknown}
 f - a scroll of magic mapping {unknown}
 g - 2 scrolls of immolation {unknown}
 h - 3 scrolls of teleportation {unknown}
 j - a scroll of fog {unknown}
 m - 2 scrolls of remove curse {unknown}
 p - a scroll of amnesia {unknown}
 s - a scroll of enchant weapon {unknown}
 u - a scroll of blinking {unknown}
 w - a scroll of enchant armour {unknown}
Potions
 i - a potion of haste {unknown}
 l - a potion of mutation {unknown}
 r - a potion of lignification {unknown}
Comestibles
 d - 4 rations


   Skills:
 * Level 3.2 Dodging
 + Level 3.0 Stealth
 * Level 6.8 Spellcasting
 * Level 3.8 Conjurations
   Level 1.1 Summonings
   Level 1.1 Translocations


You had 16 spell levels left.
You knew the following spells:

 Your Spells              Type           Power        Failure   Level  Hunger
a - Magic Dart            Conj           ####         1%          1    None

Your spell library contained the following spells:

 Spells                   Type           Power        Failure   Level  Hunger
 Blink                    Tloc           N/A          7%          2    None
 Call Imp                 Summ           ##......     7%          2    None
 Conjure Flame            Conj/Fire      ###.....     10%         3    None
 Slow                     Hex            #.......     11%         2    None
 Mephitic Cloud           Conj/Pois/Air  ##......     13%         3    None


Dungeon Overview and Level Annotations

Branches:
Dungeon (3/15)

Altars:
Beogh


Message History

You bump into the rock wall.
You hear some strange, mumbled words.
You are more confused.
You bump into the rock wall.
Something hits you. Something hits you.
You hear some strange, mumbled words.
A puff of flame appears from out of thin air!
The puff of flame hits you. You resist.
* * * LOW HITPOINT WARNING * * *
You bump into the rock wall.
A magic dart appears from out of thin air!
The magic dart hits you.
* * * LOW HITPOINT WARNING * * *
You bump into the rock wall.
You bump into the rock wall.
Something hits you.
* * * LOW HITPOINT WARNING * * *
You hear some strange, mumbled words.
A puff of flame appears from out of thin air!
The puff of flame hits you. You resist.
You die...

########.## #..# #.#######.#
..........# #.## #.# #.#
.........######.# #.# #.#
#######÷.###....# #.# #.#
#######........## #.# #.#
...............########.#
#.#
#######.................####
#.# # ######.÷##...........#
#.# #..##@#########.# #.#
#..##.####### #.# #.#
#...........###.# #.#
#.###.##........####.#
#.##...#.##.###.#....#
#.##...#.##.# #.#.####
####........##.# #.#.#
#...........##.# #.#.#
#.##......<.##.###.#.#


There were no monsters in sight!

Vanquished Creatures
  An orc priest (D:3)
  12 adders
  An ooze (D:2)
  A worm (D:3)
  3 dart slugs (D:1)
  3 orcs (D:3)
  5 giant cockroaches
  12 goblins
  4 hobgoblins
  8 jackals
  A quokka (D:3)
  A ball python (D:1)
  10 bats
  5 frilled lizards
  6 kobolds
  5 rats
78 creatures vanquished.

Notes
Turn   | Place    | Note
-------+----------+-------------------------------------------
     0 | D:1      | DorianNounverber the Deep Elf Wizard began the quest for
                  | the Orb.
     0 | D:1      | Reached XP level 1. HP: 10/10 MP: 7/7
   379 | D:1      | Reached XP level 2. HP: 15/15 MP: 7/9
   460 | D:1      | Reached skill level 5 in Spellcasting
   873 | D:1      | Reached XP level 3. HP: 19/19 MP: 8/11
  1361 | D:2      | Reached skill level 6 in Spellcasting
  1497 | D:2      | Reached XP level 4. HP: 24/24 MP: 9/14
  2386 | D:3      | Reached XP level 5. HP: 28/28 MP: 6/15
  2901 | D:3      | Found a roughly hewn altar of Beogh.
  2934 | D:3      | Killed from afar by an orc wizard

Skill      XL: |  1  2  3  4  5 |
---------------+----------------+-----
Spellcasting   | 5 6 |  6.8
Conjurations   | 2 3 |  3.8
Dodging        | 3 |  3.2
Stealth        | 3 |  3.0
Summonings     | |  1.1
Translocations | |  1.1

Action                   |  1- 3 |  4- 6 || total
-------------------------+-------+-------++-------
 Cast: Magic Dart        |   103 |    99 ||   202
  Eat: Chunk             |     2 |     3 ||     5
       Ration            |       |     1 ||     1
Armor: Robe              |     3 |     1 ||     4
Dodge: Dodged            |    32 |    12 ||    44
